 Dungeon Crawl Stone Soup version 0.21.1-1-g345015f (webtiles) character file.

923 Fang the Chopper (level 8, -21/75 HPs)
             Began as a Gargoyle Berserker on May 15, 2018.
             Was an Elder of Trog.
             Killed from afar by a centaur (44 damage)
             ... with an exploding inner flame
             ... hexed by the player character
             ... on level 5 of the Dungeon.
             The game lasted 00:06:52 (4468 turns).

Fang the Chopper (Gargoyle Berserker)               Turns: 4468, Time: 00:06:52

Health: -21/75     AC:  8    Str: 28    XL:     8   Next: 10%
Magic:  8/8        EV: 10    Int:  8    God:    Trog [****..]
Gold:   169        SH:  0    Dex:  9    Spells: 7/7 levels left

rFire    . . .     SeeInvis .   a - +0 hand axe
rCold    . . .     Gourm    .   (no shield)
rNeg     + . .     Faith    .   b - +1 animal skin
rPois    ∞         Spirit   .   (no helmet)
rElec    +         Reflect  .   (no cloak)
rCorr    .         Harm     .   (no gloves)
MR       .....                  (no boots)
Stlth    ..........             (no amulet)
HPRegen  0.22/turn              o - -3 ring of evasion
MPRegen  0.11/turn              (no ring)

@: berserking, very slightly contaminated, very quick
A: negative energy resistance 1, electricity resistance, unbreathing,
petrification resistance, rot immunity, AC +5
a: Berserk, Trog's Hand, Brothers in Arms, Burn Spellbooks, Renounce Religion


You were on level 5 of the Dungeon.
You worshipped Trog.
Trog was greatly pleased with you.
You were very hungry.

You visited 1 branch of the dungeon, and saw 5 of its levels.
You also visited: Sewer.

You collected 169 gold pieces.

Inventory:

Hand Weapons
 a - a +0 hand axe (weapon)
Armour
 b - a +1 animal skin (worn)
Jewellery
 o - a -3 ring of evasion (left hand)
Wands
 l - a wand of polymorph (7)
 x - a wand of acid (6)
Scrolls
 d - 7 scrolls of identify
 h - a scroll of random uselessness
 i - a scroll of remove curse
 k - a scroll of teleportation
 t - a scroll of magic mapping {unknown}
 v - 2 scrolls of noise {unknown}
 y - a scroll of fear {unknown}
Potions
 e - 2 potions of agility
 f - 4 potions of invisibility {unknown}
 g - 2 potions of berserk rage {unknown}
 j - 2 potions of magic {unknown}
 r - a potion of heal wounds {unknown}
 s - a potion of degeneration {unknown}
 u - 3 potions of curing {unknown}
 w - 2 potions of flight {unknown}
Comestibles
 c - 5 rations
 z - a chunk of flesh


   Skills:
 + Level 5.4 Fighting
 + Level 6.3 Axes
 + Level 2.3 Armour
 + Level 4.0 Dodging
 + Level 1.9 Stealth
 + Level 0.9 Unarmed Combat


You had 7 spell levels left.
You didn't know any spells.

Dungeon Overview and Level Annotations

Branches:
Dungeon (5/15)
 Temple: D:4-7

Altars:
Okawaru
Qazlal
Ru
Wu Jian
Zin

Annotations:
D:5 peaced01's ghost, novice HOFi


Innate Abilities, Weirdness & Mutations

You are resistant to torment.
Your stone body is resilient. (AC +5)
You are immune to poison.
You resist negative energy. (rN+)
You are resistant to electric shocks. (rElec)
You can survive without breathing.
You are immune to petrification.
You are immune to rotting.


Message History

You are too injured to fight recklessly!
You are too injured to fight recklessly!
You hit peaced01's ghost.
Peaced01's ghost is moderately damaged.
You hit the centaur. The centaur hits you.
Unknown command.
You closely miss peaced01's ghost. You punch peaced01's ghost.
Peaced01's ghost is moderately damaged.
You slash the centaur! Peaced01's ghost closely misses you.
The centaur hits you.
Unknown command.
You hit peaced01's ghost.
Peaced01's ghost is heavily damaged.
You slash the centaur!
The centaur explodes!
The fiery explosion engulfs peaced01's ghost.
Peaced01's ghost is almost destroyed.
The fiery explosion engulfs you!
Ouch! That really hurt!
You die...

.#.##...###.##
.#....._...#...
#............#
##...........#
.......8.._.#
###...§§§...#
....._§§§..#
#...W@...#
####......... §
########## § ..
... .... .....


You could see peaced01's ghost (inner flame).

Vanquished Creatures
  Sigmund (D:2)
  An ogre (D:4)
  A big kobold (Sewer)
  A water moccasin skeleton (D:2)
  A crimson imp (D:3)
  2 hounds (D:4)
  An orc priest (D:3)
  4 worker ants (D:4)
  Natasha (thrice) (D:2 D:3)
  2 orc wizards (D:4)
  8 adders
  3 river rats
  3 worms
  2 dart slugs
  4 leopard geckos
  11 orcs
  11 bats
  5 giant cockroaches
  10 goblins
  5 hobgoblins
  10 jackals
  5 kobolds
  2 quokkas
  5 ball pythons
  A ball python skeleton (D:4)
  3 frilled lizards
  A leopard gecko skeleton (D:4)
  10 rats
116 creatures vanquished.

Notes
Turn   | Place    | Note
-------+----------+-------------------------------------------
     0 | D:1      | Fang the Gargoyle Berserker began the quest for the Orb.
     0 | D:1      | Reached XP level 1. HP: 14/14 MP: 1/1
   108 | D:1      | Reached XP level 2. HP: 19/19 MP: 2/2
   388 | D:1      | Reached skill level 3 in Axes
   691 | D:2      | Reached ** piety under Trog
   691 | D:2      | Reached XP level 3. HP: 22/24 MP: 3/3
   792 | D:2      | Found a sacrificial altar of Ru.
   813 | D:2      | Reached XP level 4. HP: 15/29 MP: 4/4
  1027 | D:2      | Found a glowing silver altar of Zin.
  1445 | D:2      | Noticed Natasha
  1457 | D:2      | Killed Natasha
  1457 | D:2      | Reached XP level 5. HP: 24/33 MP: 5/5
  1871 | D:2      | Noticed Sigmund
  1890 | D:2      | Killed Sigmund
  1890 | D:2      | Reached skill level 4 in Axes
  1890 | D:2      | Reached skill level 1 in Stealth
  1890 | D:2      | Reached XP level 6. HP: 34/39 MP: 6/6
  2242 | D:3      | Noticed Natasha
  2255 | D:3      | Killed Natasha
  2436 | D:3      | Reached skill level 5 in Axes
  2505 | D:3      | Reached *** piety under Trog
  2543 | D:3      | Noticed Natasha
  2555 | D:3      | Killed Natasha
  2717 | D:3      | Reached XP level 7. HP: 33/44 MP: 7/7
  3416 | D:4      | Reached skill level 5 in Fighting
  3516 | D:4      | Found a glowing drain.
  3564 | Sewer    | Entered a sewer
  3572 | Sewer    | Reached **** piety under Trog
  4128 | Sewer    | Found a glowing silver altar of Zin.
  4341 | D:4      | Reached skill level 6 in Axes
  4341 | D:4      | Reached XP level 8. HP: 49/49 MP: 8/8
  4451 | D:5      | Entered Level 5 of the Dungeon
  4459 | D:5      | Found a stormy altar of Qazlal.
  4459 | D:5      | Found an ornate altar of the Wu Jian Council.
  4459 | D:5      | Found an iron altar of Okawaru.
  4460 | D:5      | Noticed peaced01's ghost (novice HOFi)
  4468 | D:5      | Killed from afar by a centaur

Skill      XL: |  1  2  3  4  5  6  7 |
---------------+----------------------+-----
Axes           | 3 4 5 6 |  6.3
Dodging        | 2 3 4 |  4.0
Fighting       | 4 5 |  5.4
Stealth        | 1 |  1.9
Armour         | |  2.3
Unarmed Combat | |  0.9

Action                   |  1- 3 |  4- 6 |  7- 9 || total
-------------------------+-------+-------+-------++-------
Melee: Hand axe          |    96 |   174 |   177 ||   447
       Unarmed           |       |    13 |       ||    13
       Punch             |       |       |     1 ||     1
Invok: Berserk           |       |     5 |     5 ||    10
  Use: Scroll            |       |       |     8 ||     8
 Stab: Sleeping          |       |       |     1 ||     1
  Eat: Chunk             |       |    10 |     7 ||    17
       Ration            |       |       |     1 ||     1
Armor: Animal skin       |    42 |    67 |    60 ||   169
Dodge: Dodged            |    68 |   161 |   145 ||   374
